 Dungeon Crawl Stone Soup version 0.25-a0-544-gee0576305d (webtiles) character file.

Game seed: 8303938014821189665, levelgen mode: deterministic

80 kae the Skirmisher (level 4, 0/37 HPs)
             Began as a Demonspawn Fighter on Feb 20, 2020.
             Slain by an orc wizard
             ... wielding a +0 dagger
              (3 damage)
             ... on level 2 of the Dungeon.
             The game lasted 00:01:14 (1707 turns).

kae the Skirmisher (Demonspawn Fighter)             Turns: 1707, Time: 00:01:14

Health: 0/37       AC:  8    Str: 17    XL:     4   Next: 18%
Magic:  4/4        EV:  6    Int:  9    God:
Gold:   51         SH:  8    Dex: 13    Spells: 3/3 levels left

rFire    . . .     SeeInvis .   a - +0 flail
rCold    . . .     Gourm    .   c - +0 kite shield
rNeg     . . .     Faith    .   b - +0 scale mail
rPois    .         Spirit   .   (no helmet)
rElec    .         Reflect  .   (no cloak)
rCorr    .         Harm     .   (no gloves)
MR       .....                  (no boots)
Stlth    ..........             (no amulet)
HPRegen  0.12/turn              (no ring)
MPRegen  0.09/turn              (no ring)

@: no status effects
A: claws 2, yellow scales 1
a: no special abilities


You were on level 2 of the Dungeon.
You were not hungry.

You visited 1 branch of the dungeon, and saw 3 of its levels.

You collected 51 gold pieces.

Inventory:

Hand Weapons
 a - a +0 flail (weapon)
Armour
 b - a +0 scale mail (worn)
 c - a +0 kite shield (worn)
Jewellery
 e - an uncursed ring of poison resistance {unknown}
Scrolls
 h - a scroll of blinking {unknown}
 i - a scroll of fog {unknown}
 j - a scroll of amnesia {unknown}
Potions
 d - a potion of might
 k - a potion of ambrosia
Comestibles
 f - 2 rations


   Skills:
 + Level 3.7 Fighting
 - Level 2.3 Maces & Flails
 - Level 2.6 Armour
 - Level 2.6 Shields
 * Level 2.3 Unarmed Combat


You had 3 spell levels left.
You didn't know any spells.
Your spell library was empty.

Dungeon Overview and Level Annotations

Branches:
Dungeon (3/15)

Altars:
Cheibriados
The Shining One


Innate Abilities, Weirdness & Mutations

You have very sharp fingernails.
You are partially covered in yellow scales. (AC +2)


Message History

Something hits you but does no damage. x2
A magic dart appears from out of thin air!
The magic dart hits you. Something hits you but does no damage.
A magic dart appears from out of thin air!
The magic dart hits you.
A puff of flame appears from out of thin air!
The puff of flame hits you!
The orc priest calls down the wrath of Beogh upon you.
Beogh smites you!
* * * LOW HITPOINT WARNING * * *
Okay, then.
The orc priest casts a cantrip, but nothing happens.
There is a stone staircase leading up here.
Something hits you but does no damage.
You climb upwards.
Reactivating autopickup.
There is a stone staircase leading down here.
You start resting.
Something hits you.
You die...

#.# #.#.# #.# ##.# #.#.#
##.## ...# #.#.#####...###
#### #.#...........#
######.#######...#.#
#....).# ##.##.# #.######
#.##.# #.# ########.#..#
#.# ##.@......#.##
#.#####...#######.#
#..............##.#
##############...####.##.#
.......รท..........#
#.##.#
.#############.#<.###.##.#
.######### #.###...#.##.#
.).......#####.#..#.#.##.#
.#####.#.....<#.#.#.#.##.#


There were no monsters in sight!

Vanquished Creatures
  2 adders (D:2)
  A worm (D:2)
  2 dart slugs
  3 leopard geckos
  An orc (D:3)
  2 giant cockroaches (D:1)
  6 goblins
  7 hobgoblins
  6 kobolds
  9 bats
  5 frilled lizards
  5 rats
49 creatures vanquished.

Notes
Turn   | Place    | Note
-------+----------+-------------------------------------------
     0 | D:1      | kae the Demonspawn Fighter began the quest for the Orb.
     0 | D:1      | Reached XP level 1. HP: 18/18 MP: 1/1
   169 | D:1      | Gained mutation: You have sharp fingernails. [demonic
                  | ancestry]
   169 | D:1      | Reached XP level 2. HP: 22/24 MP: 2/2
   408 | D:1      | Reached skill level 1 in Unarmed Combat
   821 | D:2      | Gained mutation: You are partially covered in yellow
                  | scales. (AC +2) [demonic ancestry]
   821 | D:2      | Reached XP level 3. HP: 29/29 MP: 3/3
  1096 | D:2      | Found a glowing golden altar of the Shining One.
  1358 | D:2      | Gained mutation: You have very sharp fingernails. [demonic
                  | ancestry]
  1358 | D:2      | Reached XP level 4. HP: 35/37 MP: 4/4
  1657 | D:3      | Noticed an air elemental
  1659 | D:3      | Noticed a fire elemental
  1678 | D:3      | Found a snail-covered altar of Cheibriados.
  1707 | D:2      | Slain by an orc wizard

Levels and vault maps discovered:
D:1:      lightli_molten_gateway, layout_basic, minmay_tetromino_o4
D:2:      layout_loops_ring, marbit_many_paths
D:3:      layout_loops_ring, kennysheep_slug_shrine,
          nicolae_qazlal_style_of_elements

Skill      XL: |  1  2  3 |
---------------+----------+-----
Maces & Flails | 2 |  2.3
Unarmed Combat | 1 2 |  2.3
Fighting       | |  3.7
Armour         | |  2.6
Shields        | |  2.6

Action                   |  1- 3 |  4- 6 || total
-------------------------+-------+-------++-------
Melee: Flail             |   148 |    27 ||   175
  Use: Scroll            |     2 |       ||     2
       Potion            |       |     1 ||     1
  Eat: Chunk             |     2 |     1 ||     3
Armor: Scale mail        |    71 |    32 ||   103
Dodge: Dodged            |    38 |    10 ||    48
Block: Kite shield       |    62 |    18 ||    80

Table legend:
 A = Non-vault XP
 B = Vault XP
 C = Vault XP percentage of total XP
 D = Non-vault monster count
 E = Vault monster count
 F = Vault count percentage of total count
                 A         B        C        D         E       F
            +---------+---------+-------+---------+---------+-------
      Total |     104 |      11 |   9.6 |      44 |       5 |  10.2
            +---------+---------+-------+---------+---------+-------
        D:1 |      36 |       3 |   7.7 |      21 |       3 |  12.5
        D:2 |      61 |       4 |   6.2 |      19 |       1 |   5.0
        D:3 |       7 |       4 |  36.4 |       4 |       1 |  20.0
            +---------+---------+-------+---------+---------+-------
